 Dungeon Crawl Stone Soup version 0.29-a0-284-gf9362112df (webtiles) character file.

Game seed: 3224384344238409748

36206 sizableburger the Martial Artist (level 13, -5/135 HPs)
             Began as an Octopode Transmuter on Mar 26, 2022.
             Was an Elder of Wu Jian.
             Killed by divine providence
             ... invoked by an orc priest
              (9 damage)
             ... on level 11 of the Dungeon on Mar 27, 2022.
             The game lasted 00:53:08 (25735 turns).

sizableburger the Martial Artist (OpTm)            Turns: 25735, Time: 00:53:09

Health: -5/135     AC: 26    Str: 17    XL:     13   Next: 88%
Magic:  23/23      EV:  2    Int: 22    God:    Wu Jian [****..]
Gold:   1139       SH:  0    Dex: 15    Spells: 7/25 levels left

rFire   . . .      SeeInvis .     - Unarmed
rCold   . . .      Faith    .   (no shield)
rNeg    . . .      Spirit   .   (helmet currently unavailable)
rPois   +          Reflect  .   (no amulet)
rElec   .          Harm     .   g - +6 ring of intelligence
rCorr   .          Rampage  .   a - +6 ring of strength
Will    .....      NoTele   +   D - ring of wizardry
Stlth   +.........              (no ring)
HPRegen 0.32/turn               (no ring)
MPRegen 0.18/turn               (no ring)
                                (no ring)
                                (no ring)

@: mighty, tree-form, hasted, very quick
A: stationary, stasis, torment immunity, boosted hp, almost no armour,
(amphibious), 8 rings, (camouflage 1), (gelatinous body 1), (nimble swimmer 1),
(tentacles)
a: Renounce Religion, Wall Jump, Serpent's Lash


You were on level 11 of the Dungeon.
You worshipped Wu Jian.
Wu Jian was greatly pleased with you.
You were a tree.
You visited 3 branches of the dungeon, and saw 17 of its levels.

You collected 1139 gold pieces.

Inventory:

Missiles
 i - 56 poisoned darts (quivered)
 x - a throwing net
Jewellery
 a - a +6 ring of strength (right branch)
 f - a ring of flight
 g - a +6 ring of intelligence (left branch)
 p - an amulet of faith
 v - an amulet of magic regeneration
 D - a ring of wizardry (on tentacle)
 E - a ring of positive energy
 I - a ring of protection from cold
Wands
 h - a wand of digging (12)
 n - a wand of polymorph (8)
 s - a wand of mindburst (10)
 w - a wand of iceblast (21)
 y - a wand of flame (27)
 G - a wand of paralysis (6)
 J - a wand of charming (3)
Scrolls
 b - 3 scrolls of immolation
 d - a scroll of fog
 k - a scroll of silence
 q - 2 scrolls of enchant weapon
 r - 2 scrolls of teleportation
 u - 3 scrolls of amnesia
 A - a scroll of summoning {unknown}
 B - a scroll of fear {unknown}
 F - a scroll of identify
Potions
 c - 5 potions of mutation
 e - a potion of haste
 j - 3 potions of flight
 l - 2 potions of brilliance
 m - a potion of cancellation
 t - a potion of might
 z - 3 potions of attraction
 C - 3 potions of lignification


   Skills:
 - Level 9.1 Fighting
 - Level 7.9 Dodging
 + Level 12.6 Unarmed Combat
 + Level 6.8 Spellcasting
 - Level 5.0 Hexes
 + Level 5.9 Summonings
 - Level 8.0 Transmutations
 - Level 7.6 Ice Magic
 - Level 3.6 Poison Magic
 + Level 6.3 Evocations


You had 7 spell levels left.
You knew the following spells:

 Your Spells              Type           Power      Damage    Failure   Level
a - Summon Ice Beast      Ice/Summ       37%        N/A       1%          4
b - Spider Form           Tmut/Pois      33%        N/A       1%          3
c - Wereblood             Tmut           42%        N/A       1%          2
d - Ice Form              Ice/Tmut       41%        N/A       1%          4
e - Summon Mana Viper     Hex/Summ       31%        N/A       10%         5

Your spell library contained the following spells:

 Spells                   Type           Power      Damage    Failure   Level
 Beastly Appendage        Tmut           84%        N/A       1%          1
 Tukima's Dance           Hex            29%        N/A       1%          3
 Magic Dart               Conj           28%        1d4       3%          1
 Dazzling Flash           Conj/Hex       36%        N/A       3%          3
 Searing Ray              Conj           14%        2d5       5%          2
 Static Discharge         Conj/Air       7%         N/A       5%          2
 Sublimation of Blood     Necr           7%         N/A       5%          2
 Yara's Violent Unravell  Hex/Tmut       18%        3d9       6%          5
 Fulminant Prism          Conj/Hex       9%         3d7       12%         4
 Dispel Undead            Necr           7%         3d8       32%         4
 Iskenderun's Mystic Bla  Conj/Tloc      7%         2d4       32%         4
 Passage of Golubria      Tloc           7%         N/A       32%         4
 Sticky Flame             Conj/Fire      7%         2d3       32%         4
 Monstrous Menagerie      Summ           16%        N/A       91%         7
 Summon Hydra             Summ           16%        N/A       91%         7
 Starburst                Conj/Fire      3%         6d3       99%         6


Dungeon Overview and Level Annotations

Branches:
Dungeon (11/15)            Temple (1/1) D:5            Lair (5/6) D:9
 Shoals (0/4) Lair:2        Snake (0/4) Lair:4          Orc (0/2) D:11
  Slime: Lair:5-6

Altars:
Ashenzari
Cheibriados
Dithmenos
Elyvilon
Gozag
Kikubaaqudgha
Nemelex Xobeh
Qazlal
Sif Muna
Vehumet
Wu Jian
Yredelemnul
The Shining One
Beogh

Shops:
D:2 [*[(

Annotations:
D:5 3 runed translucent doors, Dordric's ghost, novice OgBe
D:11 2 transporters, sirJeffrey23's ghost, journeyman DsMo


Innate Abilities, Weirdness & Mutations

You are a tree.
Your roots penetrate the ground, keeping you stationary.
You cannot be teleported.
You are immune to unholy pain and torment.
Your maximum health is greatly increased.
You cannot wear most types of armour.
((You are amphibious.))
You can wear up to eight rings at the same time.
((Your skin changes colour to match your surroundings (Stealth+).))
((Your rubbery body absorbs attacks. (AC +1, EV +1)))
((You are camouflaged when in or above water. (Stealth+)))
((You have tentacles for arms and can constrict up to eight enemies at once.))


Message History

You smack the orc knight!
You kill the orc knight!
The Council accepts your kill. The orc hits you but does no damage.
An orc warrior comes into view. It is wielding a +0 short sword.
You pummel the orc!!
You kill the orc!
The Council accepts your kill.
You barely miss the orc warrior.
The orc warrior hits you with a +0 short sword.
* * * LOW HITPOINT WARNING * * *
You pummel the orc warrior!!
You kill the orc warrior!
The Council accepts your kill.
You pummel the orc!!
You kill the orc!
The Council accepts your kill.
Okay, then.
Okay, then.
You smack the orc!
You kill the orc!
The Council accepts your kill.
An orc comes into view. It is wielding a +0 dagger.
Okay, then.
The orc shouts!
An orc comes into view. It is wielding a +0 flail.
Okay, then.
Okay, then.
Okay, then.
Aiming: Iceblast
Press: ? - help, Shift-Dir - straight line, f - orc
Aim: an orc, wielding a +0 dagger (grey smoke)
Okay, then.
You smack the orc warrior!
The orc warrior is moderately wounded.
You hit the orc warrior.
The orc warrior is heavily wounded.
The orc priest calls down the wrath of Beogh upon you.
Beogh smites you!
You die...

#... ##### #... >......#
#### .......# _..⌠...# #
..oo..# #.. ..o..#
##8o8#####8o8###
......o♣)oo....#
##...#####o)############
#+ #....o.............
.....................
....######...........
##. #...........
#..######...........
......†............
###################


You could see an orc warrior, an orc priest and 4 orcs.

Vanquished Creatures
  2 hydras
  Erica (Lair:1)
  4 two-headed ogres
  A catoblepas (Lair:5)
  Pikel (D:6)
  An orc knight (D:11)
  A deep elf pyromancer (D:9)
  A wolf spider (Lair:3)
  An ugly thing (D:11)
  3 black mambas
  6 elephants (Lair:3)
  Joseph (D:7)
  A torpor snail (Lair:4)
  9 cane toads
  Maggie (D:10)
  An unseen horror (D:11)
  A kobold demonologist (D:9)
  A rime drake (Lair:2)
  6 komodo dragons
  A nameless horror (D:10)
  2 trolls
  A polar bear (Lair:3)
  Prince Ribbit (D:7)
  A hornet (D:9)
  9 blink frogs
  26 yaks
  A wyvern (D:9)
  A wraith (D:9)
  2 shadows
  5 basilisks
  A steam dragon (D:8)
  Menkaure (D:7)
  4 nagas (Lair:4)
  Edmund (D:6)
  An acid dragon (D:11)
  12 water moccasins
  10 orc warriors
  2 ice beasts
  A sky beast (D:7)
  6 centaurs
  2 ogres
  10 wolves
  3 lemures
  2 phantoms (D:5)
  2 kobold brigands
  2 necrophages
  3 scorpions
  10 bullfrogs
  3 gnoll sergeants
  13 killer bees
  4 howler monkeys
  A jelly (D:5)
  4 orc priests
  A hound (D:4)
  A gnoll shaman (D:5)
  Jessica (D:2)
  Ijyb (D:3)
  Natasha (thrice) (D:2)
  8 iguanas
  17 orc wizards
  17 gnolls
  14 adders
  A river rat (D:5)
  6 white imps
  2 ufetubi
  2 adder zombies (D:5)
  A worm (D:5)
  2 dart slugs
  42 orcs
  6 endoplasms
  4 giant cockroaches
  4 goblins (D:7)
  5 hobgoblins
  4 jackals (D:3)
  23 kobolds
  2 quokkas
  5 ball pythons
  2 bats
  4 frilled lizards
  5 rats
  A butterfly (Lair:5)
375 creatures vanquished.

Vanquished Creatures (collateral kills)
  2 two-headed ogres
  Nergalle (D:10)
  A black mamba (Lair:5)
  A gargoyle (D:10)
  A cane toad (Lair:2)
  2 komodo dragons (Lair:4)
  A polar bear (Lair:5)
  A blink frog (Lair:5)
  A basilisk (Lair:3)
  4 yaks
  2 water moccasins (Lair:3)
  A wolf (Lair:4)
  A centaur (Lair:2)
  A bullfrog (Lair:5)
20 creatures vanquished.

Vanquished Creatures (others)
  A kobold brigand (D:10)
  3 kobolds (D:10)
  40 fungi
  60 plants
104 creatures vanquished.

Grand Total: 499 creatures vanquished

Notes
Turn   | Place    | Note
-------+----------+-------------------------------------------
     0 | D:1      | sizableburger the Octopode Transmuter began the quest for
                  | the Orb.
     0 | D:1      | Reached XP level 1. HP: 13/13 MP: 3/3
   538 | D:1      | Reached XP level 2. HP: 18/18 MP: 3/5
  1258 | D:2      | Found Rueluff's Antique Weapon Shop.
  1298 | D:2      | Found Rywn's Antique Armour Shop.
  1370 | D:2      | Reached XP level 3. HP: 20/24 MP: 4/6
  1480 | D:2      | Found Bautihe's General Store.
  1497 | D:1      | Learned a level 3 spell: Spider Form
  1526 | D:2      | Learned a level 2 spell: Wereblood
  1685 | D:2      | Noticed Natasha
  1703 | D:2      | Killed Natasha
  1704 | D:2      | Reached skill level 1 in Poison Magic
  1704 | D:2      | Reached XP level 4. HP: 30/30 MP: 3/7
  1745 | D:2      | Noticed Natasha
  1847 | D:2      | Found Meuczeoz's Armour Shoppe.
  2336 | D:2      | Killed Natasha
  2337 | D:2      | Reached skill level 4 in Unarmed Combat
  2337 | D:2      | Reached XP level 5. HP: 36/36 MP: 4/8
  2474 | D:3      | Noticed Jessica
  2484 | D:3      | Noticed Ijyb
  2552 | D:2      | Killed Jessica
  2564 | D:2      | Noticed Natasha
  2574 | D:2      | Killed Natasha
  2843 | D:3      | Killed Ijyb
  3323 | D:3      | Reached XP level 6. HP: 42/42 MP: 2/9
  3436 | D:3      | Found a radiant altar of Vehumet.
  3527 | D:3      | Found an ancient bone altar of Kikubaaqudgha.
  3787 | D:3      | Found a faded altar of an unknown god.
  4183 | D:4      | Noticed a water moccasin
  4196 | D:4      | Killed a water moccasin
  4834 | D:4      | Reached skill level 5 in Unarmed Combat
  4834 | D:4      | Reached XP level 7. HP: 44/48 MP: 6/10
  4905 | D:4      | Learned a level 4 spell: Ice Form
  5032 | D:5      | Entered Level 5 of the Dungeon
  5048 | D:5      | Reached skill level 1 in Ice Magic
  5888 | D:5      | Reached XP level 8. HP: 54/54 MP: 8/13
  5944 | D:5      | Reached skill level 6 in Unarmed Combat
  6212 | D:5      | Found a runed translucent gate.
  6212 | D:5      | Found a runed translucent gate.
  6212 | D:5      | Found a runed translucent gate.
  6212 | D:5      | Noticed Dordric's ghost (novice OgBe)
  6214 | D:5      | Found a basalt altar of Yredelemnul.
  6301 | D:5      | Found a staircase to the Ecumenical Temple.
  6310 | Temple   | Entered the Ecumenical Temple
  6409 | Temple   | Became a worshipper of the Wu Jian Council
  6928 | D:6      | Noticed Edmund
  6937 | D:6      | Killed Edmund
  7409 | D:6      | Noticed Pikel
  7852 | D:6      | Killed Pikel
  7853 | D:6      | Reached skill level 7 in Unarmed Combat
  7853 | D:6      | Reached skill level 5 in Transmutations
  7853 | D:6      | Reached XP level 9. HP: 58/58 MP: 15/15
  7914 | D:6      | Found a glowing golden altar of the Shining One.
  8322 | D:7      | Noticed Joseph
  8468 | D:7      | Reached * piety under Wu Jian
  8469 | D:7      | Reached skill level 5 in Ice Magic
  8500 | D:7      | Noticed Menkaure
  8516 | D:7      | Killed Menkaure
  9127 | D:7      | Found a shimmering blue altar of Sif Muna.
  9260 | D:7      | Killed Joseph
  9261 | D:7      | Reached skill level 8 in Unarmed Combat
  9261 | D:7      | Reached XP level 10. HP: 62/65 MP: 12/16
  9348 | D:7      | Noticed Prince Ribbit
  9356 | D:7      | Killed Prince Ribbit
  9765 | D:7      | Reached skill level 5 in Fighting
 10973 | D:8      | Reached ** piety under Wu Jian
 11198 | D:8      | Noticed a purple ugly thing
 11209 | D:8      | Noticed a two-headed ogre
 11492 | D:9      | Found a shadowy altar of Dithmenos.
 11825 | D:9      | Reached skill level 9 in Unarmed Combat
 11996 | D:9      | Noticed a kobold demonologist
 12001 | D:9      | Killed a kobold demonologist
 12048 | D:9      | Found a staircase to the Lair.
 12316 | D:9      | Found a snail-covered altar of Cheibriados.
 12454 | D:9      | Noticed a two-headed ogre
 12463 | D:9      | Killed a two-headed ogre
 12464 | D:9      | Reached XP level 11. HP: 74/74 MP: 12/17
 12590 | D:9      | Noticed a deep elf pyromancer
 12602 | D:9      | Killed a deep elf pyromancer
 12822 | D:10     | Entered Level 10 of the Dungeon
 13014 | D:10     | Reached skill level 5 in Dodging
 13167 | D:10     | Noticed Nergalle
 13168 | D:10     | Noticed Maggie
 13350 | Lair:1   | Entered Level 1 of the Lair of Beasts
 13574 | Lair:1   | Reached skill level 1 in Evocations
 14613 | Lair:1   | Reached skill level 1 in Summonings
 15094 | Lair:1   | Noticed Erica
 15111 | Lair:1   | Killed Erica
 15112 | Lair:1   | Reached skill level 10 in Unarmed Combat
 15575 | Lair:2   | Learned a level 4 spell: Summon Ice Beast
 16681 | Lair:2   | Found a staircase to the Shoals.
 16684 | Lair:2   | Noticed a six-headed hydra
 16699 | Lair:2   | Killed a six-headed hydra
 17169 | Lair:3   | Reached XP level 12. HP: 39/82 MP: 4/18
 17427 | Lair:3   | Noticed a five-headed hydra
 17741 | Lair:3   | Reached *** piety under Wu Jian
 18145 | Lair:3   | Killed a five-headed hydra
 18671 | Lair:3   | Reached skill level 11 in Unarmed Combat
 18671 | Lair:3   | Reached skill level 5 in Summonings
 19021 | Lair:3   | Learned a level 5 spell: Summon Mana Viper
 19757 | Lair:4   | Reached skill level 1 in Hexes
 20356 | Lair:4   | Reached XP level 13. HP: 60/90 MP: 15/20
 20358 | Lair:4   | Reached skill level 5 in Spellcasting
 21040 | Lair:4   | Reached **** piety under Wu Jian
 21495 | Lair:4   | Found a staircase to the Snake Pit.
 22131 | Lair:5   | Reached skill level 12 in Unarmed Combat
 22546 | Lair:5   | Reached skill level 5 in Evocations
 23440 | D:10     | Found a stormy altar of Qazlal.
 23455 | D:10     | Killed Maggie
 23719 | D:10     | Killed Nergalle
 23795 | D:10     | Reached skill level 5 in Hexes
 24613 | D:11     | Found a transporter.
 24623 | D:11     | Found a transporter.
 24629 | D:11     | Noticed sirJeffrey23's ghost (journeyman DsMo)
 25681 | D:11     | Found a staircase to the Orcish Mines.
 25729 | D:11     | HP: 3/135 [orc warrior/+0 short sword (5)]
 25735 | D:11     | Killed from afar by an orc priest

Illustrated notes

Levels and vault maps discovered:
D:1:      roderic_octagonal_star, layout_basic
D:2:      layout_basic, serial_shops, nicolae_shop_hallway_plus, shop, shop,
          shop, uniq_natasha
D:3:      layout_loops_cross, mainiacjoe_overflow_24_doors,
          mainiacjoe_overflow_surrounded_room,
          dilly_ecumenical_altar_fadedgnrine, hangedman_decor_growths,
          uniq_ijyb, uniq_jessica
D:4:      layout_loops_ring
D:5:      layout_basic, nicolae_yredelemnul_ghost_church,
          minmay_temple_entry_drinking_statues, portal_sewer_entry_b
D:6:      layout_rooms, mainiacjoe_overflow_alcove_1, uniq_pikel, uniq_edmund
D:7:      layout_basic, kennysheep_orc_sif_temple, enter_bailey_5,
          uniq_menkaure, uniq_joseph, uniq_prince_ribbit1
D:8:      kennysheep_windowed_halls, layout_basic
D:9:      layout_gridville, grunt_dithmenos_smoke_and_mirrors,
          nicolae_overflow_crystal_walls, dpeg_oklobed_lair,
          guppyfry_early_elven_hall
D:10:     layout_loops_ring, grunt_qazlal_clouds, billiards_dpeg, uniq_maggie,
          uniq_nergalle
D:11:     layout_stronghold, david_orc_5, gammafunk_ghost_stat_death,
          minmay_joined_circles
Temple:   minmay_temple_curvy_branch
Lair:1:   layout_cave_pods, serial_bayou_shore_b, uniq_erica
Lair:2:   layout_cave_pods, minmay_shoals_entry_centaurs, beast_lair_carwin_11
Lair:3:   minmay_lair_venomous_thicket, layout_loops_ring, minivault_27,
          serial_bayou_shore_b, grunt_megastairs_5
Lair:4:   layout_cave_pods, minmay_snake_entry_guardpost_small
Lair:5:   layout_misc_corridors, lemuel_fruit_fields

Skill      XL: |  1  2  3  4  5  6  7  8  9 10 11 12 13 |
---------------+----------------------------------------+-----
Fighting       | 2 3 4 6 8 9 |  9.1
Poison Magic   | 1 2 3 |  3.6
Unarmed Combat | 4 5 7 8 9 10 11 12 | 12.6
Transmutations | 3 5 6 7 8 |  8.0
Ice Magic      | 2 4 5 7 |  7.6
Spellcasting   | 3 4 6 |  6.8
Dodging        | 4 6 7 |  7.9
Evocations     | 1 3 6 |  6.3
Summonings     | 3 5 |  5.9
Hexes          | 2 5 |  5.0

Action                   |  1- 3 |  4- 6 |  7- 9 | 10-12 | 13-15 || total
-------------------------+-------+-------+-------+-------+-------++-------
Melee: Unarmed           |    44 |   132 |   251 |   501 |   258 ||  1186
       Constrict         |    11 |     5 |     7 |     5 |       ||    28
       Kick              |    10 |       |       |       |       ||    10
       Tentacles         |     6 |     3 |     9 |     5 |       ||    23
       Punch             |       |     3 |       |     3 |     3 ||     9
Throw: Dart              |       |       |       |     4 |       ||     4
 Cast: Beastly Appendage |    14 |       |       |       |       ||    14
       Spider Form       |     1 |    20 |    21 |    14 |     5 ||    61
       Wereblood         |       |     5 |     4 |    17 |     5 ||    31
       Ice Form          |       |       |    13 |    48 |    19 ||    80
       Summon Ice Beast  |       |       |       |    15 |     5 ||    20
       Summon Mana Viper |       |       |       |       |    17 ||    17
Invok: Lunge             |       |       |     9 |    38 |    21 ||    68
       Whirlwind         |       |       |     2 |    22 |    22 ||    46
       Serpent's Lash    |       |       |       |     1 |       ||     1
 Abil: Wall Jump         |       |       |       |     1 |       ||     1
Evoke: Wand              |       |       |     2 |       |       ||     2
  Use: Potion            |     1 |     4 |     2 |     6 |    11 ||    24
       Scroll            |       |       |    11 |    11 |     3 ||    25
 Stab: Sleeping          |     4 |     3 |       |     1 |     2 ||    10
       Distracted        |       |       |       |     1 |       ||     1
       Petrified         |       |       |       |       |     6 ||     6
Armor: Skin              |     8 |    22 |    33 |   121 |    54 ||   238
Dodge: Dodged            |    27 |    81 |   144 |   267 |   128 ||   647

Table legend: (Time is in decaauts)
 A = Elapsed time spent in this place.
 B = Non-inter-level travel time spent in this place.
 C = Inter-level travel time spent in this place.
 D = Time resting spent in this place.
 E = Time spent auto-exploring this place.
 F = Levels seen in this place.
 G = Mean time per level.
                   A        B        C        D        E       F      G
               +--------+--------+--------+--------+--------+-----+--------+
         Total |  25660 |  24885 |    775 |   8823 |  12489 |  17 | 1509.4 |
       Dungeon |  15662 |  15213 |    449 |   4923 |   7779 |  11 | 1423.8 |
        Temple |    121 |    100 |     21 |      0 |     87 |   1 |  121.0 |
          Lair |   9876 |   9571 |    305 |   3899 |   4623 |   5 | 1975.2 |
               +--------+--------+--------+--------+--------+-----+--------+

Top non-repeatable levels by time:
  Lair:3: 2900 daAuts
  Lair:1: 2283 daAuts
  Lair:4: 2106 daAuts
     D:5: 1825 daAuts
    D:10: 1778 daAuts
     D:9: 1751 daAuts
  Lair:2: 1569 daAuts
     D:7: 1562 daAuts
     D:1: 1502 daAuts
     D:6: 1474 daAuts
     D:4: 1448 daAuts
     D:2: 1294 daAuts
    D:11: 1018 daAuts
     D:3: 1016 daAuts
  Lair:5: 1016 daAuts
